 Dungeon Crawl Stone Soup version 0.28-a0-1594-ga885d4b3d6 (webtiles) character file.

Game seed: 11272515223319881442

71 rogsnak the Digger (level 4, -8/34 HPs)
             Began as a Draconian Earth Elementalist on Jan 20, 2022.
             Mangled by an ice beast (11 damage)
             ... on level 3 of the Dungeon.
             The game lasted 00:04:13 (2719 turns).

rogsnak the Digger (Draconian Earth Elementalist)   Turns: 2719, Time: 00:04:13

Health: -8/34      AC:  5    Str: 10    XL:     4   Next: 5%
Magic:  0/7        EV: 12    Int: 18    God:
Gold:   85         SH:  0    Dex: 11    Spells: 6/7 levels left

rFire   . . .      SeeInvis .   e - +0 club
rCold   . . .      Faith    .   (no shield)
rNeg    . . .      Spirit   .   (armour unavailable)
rPois   .          Reflect  .   (helmet restricted)
rElec   .          Harm     .   (no cloak)
rCorr   .          Rampage  .   (no gloves)
Will    .....                   (no boots)
Stlth   ++........              (no amulet)
HPRegen 0.11/turn               (no ring)
MPRegen 0.10/turn               (no ring)

@: slowed, very slow
A: AC +5, unfitting armour, cold-blooded
a: no special abilities


You were on level 3 of the Dungeon.
You visited 1 branch of the dungeon, and saw 3 of its levels.

You collected 85 gold pieces.

Inventory:

Hand Weapons
 e - a +0 club (weapon)
Missiles
 b - 71 stones
 h - a throwing net
 j - 2 boomerangs
 m - 2 poisoned darts
Scrolls
 c - a scroll of enchant weapon {unknown}
 d - a scroll of fear {unknown}
 i - 2 scrolls of teleportation {unknown}
 l - a scroll of noise {unknown}
Potions
 a - a potion of invisibility {unknown}
 f - a potion of cancellation {unknown}
 g - a potion of flight {unknown}
 k - a potion of degeneration {unknown}


   Skills:
 + Level 0.8 Fighting
 + Level 2.7 Dodging
 - Level 1.7 Stealth
 - Level 0.2 Unarmed Combat
 + Level 2.2 Spellcasting
 - Level 1.0 Transmutations
 + Level 4.0 Earth Magic


You had 6 spell levels left.
You knew the following spells:

 Your Spells              Type           Power      Damage    Failure   Level
a - Sandblast             Erth           32%        2d9       3%          1

Your spell library contained the following spells:

 Spells                   Type           Power      Damage    Failure   Level
 Passwall                 Tmut/Erth      9%         N/A       10%         2
 Slow                     Hex            8%         N/A       19%         1
 Stone Arrow              Conj/Erth      18%        3d8       24%         3
 Confusing Touch          Hex            2%         N/A       47%         3
 Vampiric Draining        Necr           2%         2d6       47%         3
 Petrify                  Tmut/Erth      11%        N/A       54%         4


Dungeon Overview and Level Annotations

Branches:
Dungeon (3/15)

Altars:


Innate Abilities, Weirdness & Mutations

Your plain brown scales are hard. (AC +5)
You cannot fit into any form of body armour.
You are cold-blooded and may be slowed by cold attacks.


Message History

The ice beast hits you. The ice beast freezes you!
You feel yourself slow down.
Casting: Sandblast (safe; 3% risk of failure)
Confirm with . or Enter, or press ? or * to list all spells.
Aiming: Sandblast (safe; 3% risk of failure)
Press: ? - help, Shift-Dir - straight line, f/p - ice beast
Aim: an ice beast (lightly wounded, 79% to hit)
The blast of sand misses the ice beast.
The ice beast hits you. The ice beast freezes you!
You feel as though you will be slow longer.
Casting: Sandblast (safe; 3% risk of failure)
Confirm with . or Enter, or press ? or * to list all spells.
Aiming: Sandblast (safe; 3% risk of failure)
Press: ? - help, Shift-Dir - straight line, f/p - ice beast
Aim: an ice beast (lightly wounded, 79% to hit)
The blast of sand hits the ice beast!
The ice beast is heavily wounded.
The ice beast hits you.
* * * LOW HITPOINT WARNING * * *
The ice beast freezes you.
You feel as though you will be slow longer.
* * * LOW HITPOINT WARNING * * *
The ice beast barely misses you.
Casting: Sandblast (safe; 3% risk of failure)
Confirm with . or Enter, or press ? or * to list all spells.
Aiming: Sandblast (safe; 3% risk of failure)
Press: ? - help, Shift-Dir - straight line, f/p - ice beast
Aim: an ice beast (heavily wounded, 79% to hit)
The blast of sand hits the ice beast but does no damage.
The ice beast is heavily wounded.
The ice beast misses you.
Unknown command.
Casting: Sandblast (safe; 3% risk of failure)
Confirm with . or Enter, or press ? or * to list all spells.
Aiming: Sandblast (safe; 3% risk of failure)
Press: ? - help, Shift-Dir - straight line, f/p - ice beast
Aim: an ice beast (heavily wounded, 79% to hit)
The blast of sand misses the ice beast.
The ice beast hits you.
* * * LOW HITPOINT WARNING * * *
The ice beast freezes you!
You die...

... #.# #.# #.#
#.# #.#######
#####.#......
#...Y@.....#
#.##.....#)#
#..........#
#.##.##.#..#
#.##.##.##.##.#
#.##.##........
#.##....#.....#
.
#.##..#.#..#..#
..
#.##..#.#..##.#
..


You could see an ice beast.

Vanquished Creatures
  An adder (D:2)
  A worm (D:2)
  2 dart slugs (D:1)
  5 bats (D:1)
  2 endoplasms
  3 giant cockroaches
  6 goblins
  4 hobgoblins
  7 jackals (D:2)
  4 quokkas
  5 ball pythons
  3 frilled lizards
  2 kobolds
  5 rats
50 creatures vanquished.

Notes
Turn   | Place    | Note
-------+----------+-------------------------------------------
     0 | D:1      | rogsnak the Draconian Earth Elementalist began the quest
                  | for the Orb.
     0 | D:1      | Reached XP level 1. HP: 14/14 MP: 3/3
   300 | D:1      | Reached XP level 2. HP: 15/20 MP: 5/5
   886 | D:1      | Found a faded altar of an unknown god.
  1329 | D:1      | Reached XP level 3. HP: 22/26 MP: 6/6
  2263 | D:2      | Reached skill level 4 in Earth Magic
  2504 | D:3      | Reached XP level 4. HP: 28/34 MP: 7/7
  2710 | D:3      | Noticed an ice beast
  2719 | D:3      | Mangled by an ice beast

Illustrated notes

Levels and vault maps discovered:
D:1:      ebering_trefoil_3fold, layout_rooms,
          chequers_ecumenical_altar_simple_redux, minivault_14
D:2:      layout_basic
D:3:      layout_loops_ring, old_standard_altar,
          chequers_temple_overflow_statue_of_worship

Skill      XL: |  1  2  3 |
---------------+----------+-----
Dodging        | 2 |  2.7
Earth Magic    | 4 |  4.0
Fighting       | |  0.8
Stealth        | |  1.7
Unarmed Combat | |  0.2
Spellcasting   | |  2.2
Transmutations | |  1.0

Action                   |  1- 3 |  4- 6 || total
-------------------------+-------+-------++-------
Melee: Unarmed           |    88 |       ||    88
       Tailslap          |    29 |       ||    29
       Punch             |     4 |       ||     4
       Club              |   146 |    25 ||   171
 Cast: Sandblast         |     4 |     7 ||    11
 Stab: Sleeping          |     2 |       ||     2
Armor: Skin              |    93 |     7 ||   100
Dodge: Dodged            |   164 |    19 ||   183

Table legend: (Time is in decaauts)
 A = Elapsed time spent in this place.
 B = Non-inter-level travel time spent in this place.
 C = Inter-level travel time spent in this place.
 D = Time resting spent in this place.
 E = Time spent auto-exploring this place.
 F = Levels seen in this place.
 G = Mean time per level.
                   A        B        C        D        E       F      G
               +--------+--------+--------+--------+--------+-----+--------+
         Total |   2773 |   2733 |     40 |    919 |   1090 |   3 |  924.3 |
       Dungeon |   2773 |   2733 |     40 |    919 |   1090 |   3 |  924.3 |
               +--------+--------+--------+--------+--------+-----+--------+

Top non-repeatable levels by time:
     D:1: 1476 daAuts
     D:2: 987 daAuts
     D:3: 309 daAuts
